 Dungeon Crawl Stone Soup version 0.22.1-1-ga44c0e5 (webtiles) character file.

401 Harpaggios the Insei (level 6, -2/47 HPs)
             Began as a Gnoll Transmuter on Oct 17, 2018.
             Slain by an orc warrior
             ... wielding a +0 long sword
              (7 damage)
             ... on level 4 of the Dungeon.
             The game lasted 00:17:24 (3765 turns).

Harpaggios the Insei (Gnoll Transmuter)             Turns: 3765, Time: 00:17:25

Health: -2/47      AC:  4    Str: 12    XL:     6   Next: 85%
Magic:  1/14       EV: 15    Int: 17    God:
Gold:   215        SH:  0    Dex: 16    Spells: 10/15 levels left

rFire    . . .     SeeInvis .     - Unarmed
rCold    + . .     Gourm    .   (no shield)
rNeg     . . .     Faith    .   b - +1 robe
rPois    .         Spirit   .   (no helmet)
rElec    .         Reflect  .   (no cloak)
rCorr    .         Harm     .   (no gloves)
MR       .....                  i - +0 pair of boots {Fly}
Stlth    ++........             g - amulet of the acrobat
HPRegen  0.15/turn              j - ring of protection from cold
MPRegen  0.14/turn              (no ring)

@: about to teleport, appendage, flying
A: distributed training, fangs 1, horns 2, strong nose
a: End Transformation, Stop Flying


You were on level 4 of the Dungeon.
You were not hungry.
You had grown temporary horns.
You visited 1 branch of the dungeon, and saw 4 of its levels.

You collected 215 gold pieces.

Inventory:

Missiles
 a - 106 arrows
 o - 5 javelins (quivered)
Armour
 b - a +1 robe (worn)
 i - a +0 pair of boots of flying (worn)
Jewellery
 g - an amulet of the acrobat (around neck)
 j - a ring of protection from cold (left hand)
Wands
 m - a wand of random effects (25)
Scrolls
 c - 3 scrolls of blinking
 e - 2 scrolls of enchant armour
 h - 5 scrolls of remove curse
 l - a scroll of identify
 p - a scroll of fear {unknown}
 r - a scroll of magic mapping {unknown}
Potions
 f - 2 potions of lignification
 n - a potion of invisibility
 q - a potion of curing {unknown}
Comestibles
 d - 6 rations
 s - 3 chunks of flesh


   Skills:
 + Level 3.3 Fighting
 + Level 2.1 Short Blades
 + Level 2.1 Long Blades
 + Level 2.1 Axes
 + Level 2.1 Maces & Flails
 + Level 2.1 Polearms
 + Level 2.1 Staves
 + Level 2.1 Slings
 + Level 2.1 Bows
 + Level 2.1 Crossbows
 + Level 2.1 Throwing
 + Level 2.1 Armour
 + Level 5.0 Dodging
 + Level 2.1 Stealth
 + Level 2.1 Shields
 + Level 6.9 Unarmed Combat
 + Level 5.4 Spellcasting
 + Level 1.6 Conjurations
 + Level 1.6 Hexes
 + Level 1.6 Charms
 + Level 1.6 Summonings
 + Level 1.6 Necromancy
 + Level 1.6 Translocations
 + Level 4.1 Transmutations
 + Level 1.6 Fire Magic
 + Level 1.6 Ice Magic
 + Level 1.6 Air Magic
 + Level 1.6 Earth Magic
 + Level 1.6 Poison Magic
 + Level 2.3 Invocations
 + Level 2.1 Evocations


You had 10 spell levels left.
You knew the following spells:

 Your Spells              Type           Power        Failure   Level  Hunger
a - Beastly Appendage     Tmut           ###...       2%          1    None
b - Sticks to Snakes      Tmut           ###.....     3%          2    #......
c - Call Imp              Summ           ##......     11%         2    #......

Your spell library contained the following spells:

 Spells                   Type           Power        Failure   Level  Hunger
 Summon Small Mammal      Summ           ##..         7%          1    None
 Spider Form              Tmut/Pois      ##........   12%         3    ##.....
 Call Canine Familiar     Summ           ##......     21%         3    ##.....
 Summon Guardian Golem    Hex/Summ       ##......     21%         3    ##.....
 Ice Form                 Ice/Tmut       ##......     38%         4    ####...
 Summon Ice Beast         Ice/Summ       ##......     56%         4    ####...
 Summon Lightning Spire   Summ/Air       ##......     56%         4    ####...
 Blade Hands              Tmut           ###.......   56%         5    ######.


Dungeon Overview and Level Annotations

Branches:
Dungeon (4/15)
 Temple: D:4-7

Altars:


Innate Abilities, Weirdness & Mutations

Your experience applies equally to all skills.
You have very sharp teeth.
Your uncanny sense of smell can sniff out nearby items.
You have a pair of horns on your head.


Message History

Your adder resists with significant effort.
The orc wizard casts a spell at you. The magic dart hits your adder.
Your adder dies!
You hit the orc priest.
You kill the orc priest!
The orc warrior hits you with a long sword!
* * * LOW HITPOINT WARNING * * *
Your adder bites the orc warrior but does no damage.
As you read the scroll of teleportation, it crumbles to dust.
You feel strangely unstable.
Your ball python bites the orc warrior but does no damage.
Your ball python barely misses the orc warrior.
Your adder closely misses the orc warrior.
The orc wizard casts a spell at you. The magic dart hits you!
* * * LOW HITPOINT WARNING * * *
The orc hits your ball python with a dagger of protection.
The orc warrior hits you with a long sword!
You die...

#.................
#.................
#.................
#......(..........
#....(............
#......###########
#......#.......#..
######......#.......#..
#...SS@.....#.......#..
#...ooo.....#.......'..
#...........#......##..
#...........#......##..
#...........#......##..
#.5.........#......####
#........!..#.......#
#...........#.......#
#...........#.......#


You could see an orc warrior, an orc wizard, an orc, a friendly crimson imp, a
friendly adder and a friendly ball python.

Vanquished Creatures
  Sigmund (D:3)
  An ogre (D:4)
  A hound (D:4)
  An orc priest (D:4)
  Natasha (D:4)
  2 adders
  An ooze (D:4)
  A worm (D:2)
  2 dart slugs
  A leopard gecko (D:1)
  An orc (D:4)
  A ball python (D:1)
  6 giant cockroaches
  5 goblins
  7 hobgoblins
  4 jackals
  13 kobolds
  A quokka (D:4)
  4 bats
  4 frilled lizards
  A quokka skeleton (D:4)
  8 rats
67 creatures vanquished.

Vanquished Creatures (collateral kills)
  An orc priest (D:4)
  Crazy Yiuf (D:4)
  An orc wizard (D:4)
  A leopard gecko (D:4)
  4 orcs
  A kobold (D:3)
9 creatures vanquished.

Grand Total: 76 creatures vanquished

Notes
Turn   | Place    | Note
-------+----------+-------------------------------------------
     0 | D:1      | Harpaggios the Gnoll Transmuter began the quest for the
                  | Orb.
     0 | D:1      | Reached XP level 1. HP: 17/17 MP: 6/6
   134 | D:1      | Reached XP level 2. HP: 18/23 MP: 5/7
   709 | D:1      | Reached XP level 3. HP: 28/28 MP: 9/9
   773 | D:1      | Reached skill level 5 in Spellcasting
  1142 | D:2      | Reached skill level 1 in Invocations
  1397 | D:2      | Reached skill level 1 in Short Blades
  1397 | D:2      | Reached skill level 1 in Long Blades
  1397 | D:2      | Reached skill level 1 in Axes
  1397 | D:2      | Reached skill level 1 in Maces & Flails
  1397 | D:2      | Reached skill level 1 in Polearms
  1397 | D:2      | Reached skill level 1 in Staves
  1397 | D:2      | Reached skill level 1 in Slings
  1397 | D:2      | Reached skill level 1 in Bows
  1397 | D:2      | Reached skill level 1 in Crossbows
  1397 | D:2      | Reached skill level 1 in Throwing
  1397 | D:2      | Reached skill level 1 in Armour
  1397 | D:2      | Reached skill level 1 in Stealth
  1397 | D:2      | Reached skill level 1 in Shields
  1397 | D:2      | Reached skill level 1 in Evocations
  1701 | D:2      | Reached XP level 4. HP: 34/34 MP: 9/11
  1724 | D:2      | Learned a level 2 spell: Sticks to Snakes
  2059 | D:3      | Noticed Sigmund
  2109 | D:3      | Killed Sigmund
  2109 | D:3      | Reached skill level 1 in Conjurations
  2109 | D:3      | Reached skill level 1 in Hexes
  2109 | D:3      | Reached skill level 1 in Charms
  2109 | D:3      | Reached skill level 1 in Summonings
  2109 | D:3      | Reached skill level 1 in Necromancy
  2109 | D:3      | Reached skill level 1 in Translocations
  2109 | D:3      | Reached skill level 1 in Fire Magic
  2109 | D:3      | Reached skill level 1 in Ice Magic
  2109 | D:3      | Reached skill level 1 in Air Magic
  2109 | D:3      | Reached skill level 1 in Earth Magic
  2109 | D:3      | Reached skill level 1 in Poison Magic
  2109 | D:3      | Reached XP level 5. HP: 25/41 MP: 5/12
  2774 | D:4      | Noticed an ogre
  2788 | D:4      | Killed an ogre
  2788 | D:4      | Reached XP level 6. HP: 47/47 MP: 4/13
  2961 | D:4      | Reached skill level 5 in Dodging
  3235 | D:4      | Learned a level 2 spell: Call Imp
  3474 | D:4      | Noticed Natasha
  3492 | D:4      | Killed Natasha
  3596 | D:4      | Found a runed door.
  3604 | D:4      | Noticed Crazy Yiuf
  3613 | D:4      | Killed Crazy Yiuf
  3748 | D:4      | Noticed an orc warrior
  3765 | D:4      | Slain by an orc warrior

Skill      XL: |  1  2  3  4  5  6 |
---------------+-------------------+-----
Spellcasting   | 5 |  5.4
Invocations    | 1 2 |  2.3
Short Blades   | 1 2 |  2.1
Long Blades    | 1 2 |  2.1
Axes           | 1 2 |  2.1
Maces & Flails | 1 2 |  2.1
Polearms       | 1 2 |  2.1
Staves         | 1 2 |  2.1
Slings         | 1 2 |  2.1
Bows           | 1 2 |  2.1
Crossbows      | 1 2 |  2.1
Throwing       | 1 2 |  2.1
Armour         | 1 2 |  2.1
Stealth        | 1 2 |  2.1
Shields        | 1 2 |  2.1
Evocations     | 1 2 |  2.1
Fighting       | 3 |  3.3
Conjurations   | 1 |  1.6
Hexes          | 1 |  1.6
Charms         | 1 |  1.6
Summonings     | 1 |  1.6
Necromancy     | 1 |  1.6
Translocations | 1 |  1.6
Transmutations | 4 |  4.1
Fire Magic     | 1 |  1.6
Ice Magic      | 1 |  1.6
Air Magic      | 1 |  1.6
Earth Magic    | 1 |  1.6
Poison Magic   | 1 |  1.6
Dodging        | 5 |  5.0
Unarmed Combat | |  6.9

Action                   |  1- 3 |  4- 6 || total
-------------------------+-------+-------++-------
Melee: Unarmed           |   116 |    76 ||   192
       Bite              |    10 |     8 ||    18
       Headbutt          |     3 |     9 ||    12
       Kick              |     3 |       ||     3
       Punch             |     1 |     2 ||     3
 Cast: Beastly Appendage |     5 |     9 ||    14
       Sticks to Snakes  |       |    20 ||    20
       Call Imp          |       |    13 ||    13
  Use: Scroll            |     4 |     4 ||     8
       Potion            |     1 |     2 ||     3
 Stab: Sleeping          |     6 |     2 ||     8
  Eat: Chunk             |     2 |     7 ||     9
Armor: Robe              |    15 |     9 ||    24
Dodge: Dodged            |    58 |   108 ||   166
